 Dungeon Crawl Stone Soup version 0.24.0-1-gfbc8707122 (webtiles) character file.

Game seed: 2749546473785278682, levelgen mode: deterministic

33163 night the Grappler (level 13, -4/128 HPs)
             Began as a Troll Fighter on Oct 25, 2019.
             Was an Elder of Nemelex Xobeh.
             Slain by an entropy weaver (17 damage)
             ... on level 5 of the Lair of Beasts.
             The game lasted 01:02:24 (14922 turns).

night the Grappler (Troll Fighter)                 Turns: 14922, Time: 01:02:25

Health: -4/128     AC:  6    Str: 30    XL:     13   Next: 35%
Magic:  19/19      EV: 16    Int:  5    God:    Nemelex Xobeh [****..]
Gold:   844        SH: 12    Dex:  9    Spells: 11/12 levels left

rFire    . . .     SeeInvis .     - Unarmed
rCold    . . .     Gourm    +   b - +1 shield
rNeg     . . .     Faith    .   a - +0 robe
rPois    +         Spirit   .   P - +1 hat
rElec    .         Reflect  .   W - +2 cloak
rCorr    .         Harm     .   (gloves unavailable)
MR       .....                  (boots unavailable)
Stlth    +.........             I - amulet of the acrobat
HPRegen  0.71/turn              L - +6 ring of evasion
MPRegen  0.16/turn              M - ring of poison resistance

@: corroded
A: large, unfitting armour, claws 3, fast metabolism 3, gourmand, regeneration
1, shaggy fur 1, tough skin 3
a: Draw Escape, Draw Destruction, Draw Summoning, Triple Draw, Deal Four,
Renounce Religion


You were on level 5 of the Lair of Beasts.
You worshipped Nemelex Xobeh.
Nemelex Xobeh was greatly pleased with you.
You were very full.

You visited 3 branches of the dungeon, and saw 16 of its levels.
You also visited: Volcano.

You collected 1235 gold pieces.
You spent 391 gold pieces at shops.

Inventory:

Missiles
 n - 5 large rocks (quivered)
 r - 37 poisoned darts
 v - a throwing net
 w - 14 silver boomerangs
 E - 13 boomerangs
 V - 4 curare-tipped darts
 Y - 8 javelins
Armour
 a - a +0 robe (worn)
 b - a +1 shield (worn)
 z - a scarf of cloud immunity
 P - a +1 hat (worn)
 W - a +2 cloak (worn)
Jewellery
 l - an uncursed ring of see invisible
 I - an amulet of the acrobat (around neck)
 K - an uncursed ring of flight
 L - a +6 ring of evasion (left claw)
 M - a ring of poison resistance (right claw)
 N - a +3 amulet of reflection {unknown}
 U - an uncursed ring of protection from cold
Wands
 k - a wand of random effects (24)
 o - a wand of disintegration (35)
 F - a wand of polymorph (10)
 G - a wand of digging (11)
 T - a wand of iceblast (3)
 X - a wand of paralysis (4)
Scrolls
 f - 6 scrolls of teleportation
 j - 6 scrolls of remove curse
 m - a scroll of fear
 x - 3 scrolls of enchant armour
 A - 2 scrolls of enchant weapon
 B - 2 scrolls of magic mapping
 D - 3 scrolls of fog
 Q - a scroll of amnesia
 S - a scroll of holy word
Potions
 c - 3 potions of might
 e - a potion of brilliance
 h - 5 potions of flight
 i - 3 potions of agility
 p - a potion of resistance
 q - 3 potions of curing
 t - a potion of haste
 u - 2 potions of mutation {unknown}
 C - 3 potions of berserk rage
 H - 4 potions of lignification
 J - a potion of heal wounds {unknown}
 R - 2 potions of magic {unknown}
Comestibles
 d - 40 rations


   Skills:
 + Level 8.3 Fighting
 - Level 2.4 Dodging
 - Level 9.0 Shields
 * Level 14.9 Unarmed Combat
 + Level 9.6 Invocations


You had 11 spell levels left.
You knew the following spells:

 Your Spells              Type           Power        Failure   Level  Hunger
a - Confusing Touch       Hex            #.....       47%         1    ##.....

Your spell library contained the following spells:

 Spells                   Type           Power        Failure   Level  Hunger
 Corona                   Hex            #......      47%         1    ##.....
 Magic Dart               Conj           #...         47%         1    ##.....
 Sting                    Conj/Pois      #...         47%         1    ##.....
 Ensorcelled Hibernation  Hex/Ice        #.....       63%         2    ###....
 Searing Ray              Conj           #.....       63%         2    ###....
 Throw Frost              Conj/Ice       #.....       63%         2    ###....
 Confuse                  Hex            #.......     85%         3    ####...
 Dazzling Spray           Conj/Hex       #.....       85%         3    ####...
 Gell's Gravitas          Tloc           #.........   85%         3    ####...
 Tukima's Dance           Hex            #.......     85%         3    ####...
 Force Lance              Conj/Tloc      #.......     99%         4    #####..
 Fulminant Prism          Conj/Hex       #.........   99%         4    #####..
 Iskenderun's Mystic Bla  Conj           #.......     99%         4    #####..
 Petrify                  Tmut/Erth      #.......     99%         4    #####..
 Metabolic Englaciation   Hex/Ice        #.........   100%        5    ######.
 Yara's Violent Unravell  Hex/Tmut       #.........   100%        5    ######.


Dungeon Overview and Level Annotations

Branches:
Dungeon (10/15)            Temple (1/1) D:7            Lair (5/6) D:9
  Swamp (0/4) Lair:4        Snake (0/4) Lair:2      Volcano (visited)
  Slime: Lair:5-6       Orc: D:9-12

Altars:
Ashenzari
Cheibriados
Dithmenos
Elyvilon
Fedhas
Gozag
Hepliaklqana
Kikubaaqudgha
Makhleb
Nemelex Xobeh
Okawaru
Qazlal
Ru
Sif Muna
Trog
Uskayaw
Vehumet
Wu Jian
Xom
Yredelemnul
Zin
The Shining One

Shops:
D:10 [

Annotations:
D:6 2 transporters, Mesmaeker13's ghost, novice DgWn
Lair:4 1 runed translucent door, runemage's ghost, journeyman GnFi


Innate Abilities, Weirdness & Mutations

You are too large for most types of armour.
You have claws for hands.
Your metabolism is lightning-fast.
You like to eat raw meat.
Your natural rate of healing is unusually fast.
You are covered in fur. (AC +1)
You have extremely tough skin. (AC +3)


Message History

You block the entropy weaver's attack. x2
You draw a card...
You have drawn Pain.
Press: ? - help, Shift-Dir - straight line, f - entropy weaver
Aim: an entropy weaver (almost dead)
The entropy weaver convulses!
You block the entropy weaver's attack. The entropy weaver closely misses you.
The entropy weaver hits you!
* * * LOW HITPOINT WARNING * * *
You block the entropy weaver's attack.
You draw a card...
You have drawn Wild Magic.
Nothing appears to happen.
The entropy weaver completely misses you.
The entropy weaver hits you!
* * * LOW HITPOINT WARNING * * *
The entropy weaver hits you but does no damage.
The entropy weaver misses you.
You feel better. You block the entropy weaver's attack.
The entropy weaver hits you but does no damage.
The entropy weaver hits you!
You die...
Your body disappears without a glow.

#.................P.P
##....................
#....P........#.....##
##..#..............##
##.....###..........#
##.....####........<##
#..................##
###...a...........##
##....@.........##
##................##
#..................##
#.......$...........#
###..................#
#.............##...#
#...................#
#....................
............(.........


You could see an entropy weaver.

Vanquished Creatures
  An entropy weaver (Lair:5)
  A dire elephant (Lair:4)
  A hydra (Lair:5)
  A two-headed ogre (D:8)
  17 elephants (Lair:4)
  3 black mambas
  9 spiny frogs
  5 komodo dragons
  3 yaktaurs (Volcano)
  A meliai (shapeshifter) (Lair:2)
  A queen bee (Lair:2)
  2 hornets (D:8)
  20 blink frogs
  2 bog bodies (Lair:4)
  3 hippogriffs
  A wyvern (D:10)
  19 yaks
  2 basilisks
  Eustachio (D:4)
  4 fire bats (Volcano)
  4 nagas (Lair:2)
  Menkaure (D:6)
  6 soldier ants
  5 water moccasins
  9 porcupines
  An ice beast (D:10)
  An orc warrior (D:8)
  A sky beast (D:6)
  2 centaurs
  3 wolves (Lair:2)
  2 ogres
  3 crocodiles
  2 big kobolds
  8 bullfrogs
  A gnoll sergeant (D:6)
  23 killer bees
  9 wights
  A howler monkey (D:8)
  5 lava snakes (Volcano)
  5 crimson imps
  2 orc priests (D:8)
  3 hounds
  2 gnoll shamans (D:6)
  2 jellies
  2 orc wizards
  A centaur skeleton (D:4)
  A bullfrog skeleton (D:7)
  3 iguanas
  2 worker ants
  A killer bee zombie (D:7)
  Robin (D:2)
  53 gnolls
  8 adders
  4 shadow imps
  5 dart slugs
  6 leopard geckos
  19 orcs
  4 giant cockroaches
  11 goblins
  9 hobgoblins
  19 jackals
  19 kobolds
  4 quokkas
  6 bats
  3 frilled lizards
  9 rats
  2 plants
390 creatures vanquished.

Vanquished Creatures (collateral kills)
  A red draconian (Volcano)
  A hydra (Lair:5)
  A centaur warrior (Volcano)
  A harpy (Volcano)
  A gargoyle (Volcano)
  A water moccasin (Lair:5)
6 creatures vanquished.

Vanquished Creatures (others)
  A fire bat (Volcano)
  A lava snake (Volcano)
  6 fungi
  11 plants
19 creatures vanquished.

Grand Total: 415 creatures vanquished

Notes
Turn   | Place    | Note
-------+----------+-------------------------------------------
     0 | D:1      | night the Troll Fighter began the quest for the Orb.
     0 | D:1      | Reached XP level 1. HP: 22/22 MP: 0/0
   102 | D:1      | Reached XP level 2. HP: 27/29 MP: 1/1
   457 | D:1      | Reached skill level 3 in Unarmed Combat
   457 | D:1      | Reached XP level 3. HP: 36/36 MP: 2/2
   782 | D:1      | Reached XP level 4. HP: 33/44 MP: 3/3
   983 | D:2      | Reached skill level 4 in Unarmed Combat
  1223 | D:2      | Noticed Robin
  1244 | D:2      | Killed Robin
  1710 | D:3      | Reached XP level 5. HP: 50/50 MP: 4/4
  2137 | D:3      | Found a bloodstained altar of Trog.
  2248 | D:4      | Noticed Eustachio
  2280 | D:4      | Killed Eustachio
  2280 | D:4      | Reached skill level 5 in Unarmed Combat
  2280 | D:4      | Reached XP level 6. HP: 59/59 MP: 5/5
  2539 | D:4      | Reached skill level 6 in Unarmed Combat
  2928 | D:5      | Entered Level 5 of the Dungeon
  3182 | D:5      | Reached XP level 7. HP: 45/66 MP: 6/6
  3688 | D:6      | Reached skill level 7 in Unarmed Combat
  3718 | D:6      | Found a transporter.
  3722 | D:6      | Noticed Mesmaeker13's ghost (novice DgWn)
  3919 | D:6      | Reached skill level 5 in Shields
  3969 | D:6      | Reached XP level 8. HP: 71/74 MP: 7/7
  4008 | D:6      | Reached skill level 8 in Unarmed Combat
  4728 | D:6      | Reached skill level 9 in Unarmed Combat
  4790 | D:6      | Noticed Menkaure
  4794 | D:6      | Killed Menkaure
  4900 | D:6      | Found a transporter.
  5086 | D:7      | Learned a level 1 spell: Confusing Touch
  5137 | D:7      | Found a staircase to the Ecumenical Temple.
  5157 | Temple   | Entered the Ecumenical Temple
  5307 | Temple   | Became a worshipper of Nemelex Xobeh the Trickster
  5509 | D:7      | Received a gift from Nemelex Xobeh
  5679 | D:8      | Found a shattered altar of Ashenzari.
  5681 | D:8      | Found a glowing golden altar of the Shining One.
  5681 | D:8      | Found a snail-covered altar of Cheibriados.
  5701 | D:8      | Found an ancient bone altar of Kikubaaqudgha.
  5800 | D:8      | Reached XP level 9. HP: 78/80 MP: 8/8
  5854 | D:8      | Reached skill level 1 in Invocations
  5952 | D:8      | Noticed a two-headed ogre
  5999 | D:8      | Killed a two-headed ogre
  5999 | D:8      | Reached skill level 10 in Unarmed Combat
  6367 | D:8      | Found a stormy altar of Qazlal.
  6386 | D:8      | Reached * piety under Nemelex Xobeh
  6404 | D:8      | Found a shadowy altar of Dithmenos.
  6431 | D:8      | Reached skill level 11 in Unarmed Combat
  6733 | D:8      | Paralysed by a hornet for 1 turns
  6872 | D:8      | Reached XP level 10. HP: 88/88 MP: 11/11
  6903 | D:8      | Paralysed by a hornet for 1 turns
  7372 | D:9      | Found a staircase to the Lair.
  7676 | D:10     | Entered Level 10 of the Dungeon
  7865 | D:10     | Identified Xolles's Disquisition on Battle Magic
  7944 | D:10     | Found Ratyinn's Antique Armour Boutique.
  7957 | D:10     | Bought a glowing cloak for 202 gold pieces
  7957 | D:10     | Bought a runed hat for 189 gold pieces
  8388 | Lair:1   | Entered Level 1 of the Lair of Beasts
  8530 | Lair:1   | Received a gift from Nemelex Xobeh
  8645 | Lair:1   | Reached skill level 5 in Invocations
  8853 | Lair:1   | Reached ** piety under Nemelex Xobeh
  8888 | Lair:1   | Reached skill level 12 in Unarmed Combat
  9060 | Lair:1   | Reached XP level 11. HP: 101/101 MP: 14/14
  9166 | Lair:1   | Received a gift from Nemelex Xobeh
 10386 | Lair:2   | Noticed Sonja
 10417 | Lair:2   | Reached skill level 5 in Fighting
 10741 | Lair:2   | Found a staircase to the Snake Pit.
 10818 | Lair:2   | Noticed Sonja
 10818 | Lair:2   | Sonja changed into Sonja the shapeshifter
 10819 | Lair:2   | Noticed Sonja
 10819 | Lair:2   | Sonja the shapeshifter changed into Sonja the meliai
 10826 | Lair:2   | Killed Sonja the meliai
 11475 | Lair:3   | Received a gift from Nemelex Xobeh
 11649 | Lair:3   | Reached XP level 12. HP: 114/114 MP: 16/16
 11653 | Lair:3   | Reached skill level 13 in Unarmed Combat
 11708 | Lair:3   | Reached *** piety under Nemelex Xobeh
 11793 | Lair:3   | Received a gift from Nemelex Xobeh
 12295 | Lair:4   | Found a dark tunnel.
 12300 | Volcano  | Entered a volcano
 12481 | Volcano  | Received a gift from Nemelex Xobeh
 12649 | Volcano  | Noticed a red draconian
 12655 | Volcano  | Noticed a centaur warrior
 12662 | Volcano  | Killed a red draconian
 12673 | Volcano  | Killed a centaur warrior
 12697 | Volcano  | Found a bloodstained altar of Trog.
 12901 | Lair:4   | Found a runed translucent door.
 12909 | Lair:4   | Noticed runemage's ghost (journeyman GnFi)
 12937 | Lair:4   | Reached **** piety under Nemelex Xobeh
 12937 | Lair:4   | Found a staircase to the Swamp.
 13172 | Lair:4   | Received a gift from Nemelex Xobeh
 13278 | Lair:4   | Noticed a dire elephant
 13304 | Lair:4   | Killed a dire elephant
 13513 | Lair:4   | Reached skill level 14 in Unarmed Combat
 13985 | Lair:4   | Reached XP level 13. HP: 114/127 MP: 18/18
 14577 | Lair:5   | Received a gift from Nemelex Xobeh
 14659 | Lair:5   | Noticed an entropy weaver
 14669 | Lair:5   | Killed an entropy weaver
 14902 | Lair:5   | Noticed an entropy weaver
 14921 | Lair:5   | HP: 1/128 [entropy weaver (13)]
 14922 | Lair:5   | Slain by an entropy weaver

Levels and vault maps discovered:
D:1:      onia_arrival_mini_maze, layout_rooms, serial_rivers,
          chequers_serial_rivers_micro_a, chequers_serial_rivers_micro_b,
          chequers_serial_rivers_micro_d, chequers_serial_rivers_large_b,
          chequers_serial_rivers_micro_b, chequers_serial_rivers_small_a
D:2:      layout_loops_ring, minmay_fountain_box, lexackson_kobold_supper,
          uniq_robin
D:3:      layout_rooms, lemuel_altar_in_water
D:4:      layout_basic, first_ration, uniq_eustachio
D:5:      layout_loops_ring, nrook_mini_backslash
D:6:      lemuel_castle_with_subvaults [lemuel_castle_interior_original],
          layout_rooms, gammafunk_ghost_stat_death, grunt_ministairs_15,
          uniq_menkaure
D:7:      layout_rooms, minmay_temple_entry_slanted
D:8:      layout_basic, nicolae_overflow_quartered_altars, lemuel_round_altar,
          hangedman_pestilent_swarm, nicolae_qazlal_general_emergency
D:9:      layout_rooms, david_lair_shrubbed
D:10:     layout_loops_ring, serial_shops, nicolae_shop_overgrown_old_shop,
          chequers_serial_rivers_micro_c, minmay_unpleasant_kobolds
Temple:   nicolae_temple_elliptical
Lair:1:   layout_layer_cave, nicolae_lair_grove_arrangements,
          serial_bayou_shore_b, grunt_megastairs_5, serial_bayou_shore_b
Lair:2:   layout_loops_ring, minmay_snake_entry_guardpost_small, special_room
          [special_room_bee], uniq_sonja
Lair:3:   layout_chaotic_city
Lair:4:   beast_lair_carwin_large_1, layout_cave_pods,
          skrybe_swamp_entry_bodies, hellmonk_ghost_happy_afterlife,
          nicolae_volcano_entry_lava_flow, lemuel_fruit_fields
Lair:5:   layout_gridlike, dpeg_slime_entry_enclosed_altar, zaba_antful_of_joy

Skill      XL: |  1  2  3  4  5  6  7  8  9 10 11 12 13 |
---------------+----------------------------------------+-----
Unarmed Combat | 3 4 5 6 7 9 11 12 14 | 14.9
Shields        | 3 4 5 6 7 8 9 |  9.0
Invocations    | 3 5 7 9 |  9.6
Fighting       | 4 6 7 8 |  8.3
Dodging        | |  2.4

Action                   |  1- 3 |  4- 6 |  7- 9 | 10-12 | 13-15 || total
-------------------------+-------+-------+-------+-------+-------++-------
Melee: Unarmed           |    64 |   193 |   400 |   674 |   106 ||  1437
Throw: Stone             |     1 |       |       |       |       ||     1
       Dart              |       |     2 |     4 |       |       ||     6
       Large rock        |       |       |     2 |     5 |     5 ||    12
       Boomerang         |       |       |       |    27 |       ||    27
 Abil: Draw Destruction  |       |       |     2 |     8 |     8 ||    18
       Draw Summoning    |       |       |     1 |     2 |     1 ||     4
       Draw Escape       |       |       |     1 |       |       ||     1
Evoke: Wand              |       |       |       |     1 |     1 ||     2
  Use: Scroll            |       |     9 |     6 |     5 |       ||    20
       Potion            |       |       |       |     1 |     1 ||     2
  Eat: Chunk             |     6 |    29 |    32 |    67 |     7 ||   141
Armor: Robe              |    32 |    49 |    55 |   104 |    26 ||   266
Dodge: Dodged            |    22 |    49 |    86 |   251 |    67 ||   475
Block: Shield            |    44 |   104 |   170 |   372 |    75 ||   765
